 Dungeon Crawl Stone Soup version 0.32-a0-918-g0f22ef8d61 (webtiles) character file.

Game seed: 793862645923633677

143 pokedragonboy the Conjurer (level 5, -2/28 HPs)
             Began as a Deep Elf Conjurer on Apr 12, 2024.
             Slain by a steam dragon (8 damage)
             ... on level 4 of the Dungeon.
             The game lasted 00:04:58 (3232 turns).

pokedragonboy the Conjurer (Deep Elf Conjurer)      Turns: 3232, Time: 00:04:58

Health: -2/28      AC:  3    Str: 12    XL:     5   Next: 4%
Magic:  8/13       EV: 11    Int: 25    God:
Gold:   162        SH:  0    Dex: 13    Spells: 1/12 levels left

rFire   . . .        q - +5 mace "Melats" {freeze, Str+2}
rCold   . . .        (no shield)
rNeg    . . .        a - +0 robe
rPois   .            (no helmet)
rElec   .            (no cloak)
rCorr   .            (no gloves)
SInv    .            j - +0 pair of boots
Will    .....        (no amulet)
Stlth   ++           p - +6 ring of strength
HPRegen 0.24/turn    v - +4 ring of slaying
MPRegen 0.13/turn

%: no passive effects
@: no status effects
A: no striking features
a: no special abilities


You were on level 4 of the Dungeon.
You visited 1 branch of the dungeon, and saw 4 of its levels.

You collected 162 gold pieces.

Inventory:

Hand Weapons
 q - the +5 mace "Melats" (weapon) {freeze, Str+2}
   (You found it on level 3 of the Dungeon)

   Str+2:     It affects your strength (+2).
Missiles
 s - 8 javelins
Armour
 a - a +0 robe (worn)
 j - a +0 pair of boots (worn)
Jewellery
 p - a +6 ring of strength (left hand)
 r - a ring of resist corrosion
 v - a +4 ring of slaying (right hand)
Scrolls
 f - a scroll of blinking {unknown}
 h - a scroll of revelation {unknown}
 i - 3 scrolls of identify {unknown}
 k - a scroll of amnesia {unknown}
 m - a scroll of immolation {unknown}
 n - a scroll of fear {unknown}
 u - a scroll of enchant weapon {unknown}
Potions
 b - a potion of magic
 c - 2 potions of invisibility {unknown}
 d - a potion of curing {unknown}
 e - a potion of heal wounds {unknown}
 g - 3 potions of attraction {unknown}
 l - 3 potions of lignification {unknown}
 o - a potion of berserk rage {unknown}
 t - a potion of enlightenment {unknown}
 w - a potion of cancellation {unknown}


   Skills:
 - Level 2.4 Dodging
 - Level 2.4 Stealth
 + Level 4.1 Spellcasting
 * Level 5.6 Conjurations
 * Level 1.7 Alchemy
 - Level 1.1 Invocations
 - Level 1.6 Evocations


You had one spell level left.
You knew the following spells:

 Your Spells              Type           Power      Damage    Failure   Level
a - Magic Dart            Conj           100%       1d8       1%          1
b - Searing Ray           Conj           66%        2d6       1%          2
c - Fulminant Prism       Conj/Alch      11%        3d9       21%         4
d - Iskenderun's Mystic Conj/Tloc 19%            2d6        (+2d2     28%         4

Your spell library contained the following spells:

 Spells                   Type           Power      Damage    Failure   Level
 Ensorcelled Hibernation  Hex/Ice        10%        N/A       14%         2
 Fugue of the Fallen      Necr           5%         N/A       26%         3
 Anguish                  Hex/Necr       2%         N/A       65%         4


Dungeon Overview and Level Annotations

Branches:
Dungeon (4/15)
 Temple: D:4-7

Altars:


Message History

You start resting.
HP restored.
You start resting.
Magic restored.
Found a ring mail.
You see here a +0 ring mail.
Found a mace.
You now have 162 gold pieces (gained 15).
You see here a +0 mace.
A goblin comes into view. It is wielding a +0 club.
The goblin shouts!
You hear an angry hiss.
The goblin hits you with a +0 club.
The magic dart hits the goblin.
The goblin is severely wounded.
The goblin misses you.
The magic dart hits the goblin.
You kill the goblin!
A steam dragon comes into view.
Okay, then.
Okay, then.
Okay, then.
Casting: Magic Dart (safe; 1% risk of failure)
Confirm with . or Enter, or press ? or * to list all spells.
Aiming: Searing Ray (safe; 1% risk of failure)
Press: ? - help, Shift-Dir - straight line, f - steam dragon
Aim: a steam dragon (81% to hit)
The searing ray hits the steam dragon.
The steam dragon is moderately wounded. (Press . to maintain the ray.)
The steam dragon bites you! The steam dragon closely misses you.
The searing ray hits the steam dragon!
The steam dragon is heavily wounded.
The steam dragon breathes steam at you. The ball of steam misses you.
The searing ray hits the steam dragon!
The steam dragon is severely wounded.
You are engulfed in a cloud of scalding steam.
* * * LOW HITPOINT WARNING * * *
The steam dragon bites you!
You die...

##### ..... ###
##### ##@#
############# ##.#D#
#...........#
#.######.#########..
#..##)#.#.#.# ###
#..........#
############


You could see a steam dragon (catching breath).

Vanquished Creatures
  A hound (D:4)
  Robin (D:3)
  2 adders
  A dart slug (D:2)
  2 orcs
  3 ball pythons
  7 bats
  11 endoplasms
  2 giant cockroaches (D:1)
  13 goblins
  7 hobgoblins
  4 jackals (D:1)
  3 quokkas
  2 frilled lizards
  6 kobolds
  5 rats
70 creatures vanquished.

Notes
Turn   | Place    | Note
-------+----------+-------------------------------------------
     0 | D:1      | pokedragonboy the Deep Elf Conjurer began the quest for the
                  | Orb.
     0 | D:1      | Reached XP level 1. HP: 10/10 MP: 6/6
   205 | D:1      | Reached XP level 2. HP: 8/15 MP: 0/8
   306 | D:1      | Learned a level 2 spell: Searing Ray
   977 | D:2      | Reached skill level 1 in Invocations
   977 | D:2      | Reached skill level 1 in Evocations
  1082 | D:2      | Reached XP level 3. HP: 16/19 MP: 5/9
  1240 | D:2      | Reached skill level 5 in Conjurations
  1647 | D:3      | Identified the +5 mace "Melats" {freeze, Str+2}
  1945 | D:3      | Reached XP level 4. HP: 24/24 MP: 9/11
  1950 | D:3      | Learned a level 4 spell: Fulminant Prism
  2349 | D:3      | Found a faded altar of an unknown god.
  2357 | D:3      | Noticed Robin
  2489 | D:3      | Reached skill level 1 in Alchemy
  2493 | D:3      | Killed Robin
  2671 | D:3      | Learned a level 4 spell: Iskenderun's Mystic Blast
  3068 | D:4      | Reached XP level 5. HP: 22/28 MP: 5/13
  3229 | D:4      | Noticed a steam dragon
  3232 | D:4      | Slain by a steam dragon

Illustrated notes

Levels and vault maps discovered:
D:1:      lemuel_arrival_room, layout_basic
D:2:      wander_river, layout_rooms
D:3:      layout_loops_corners, basic_ecumenical_altar, uniq_robin
D:4:      layout_loops_ring, minmay_small_thing

Skill      XL: |  1  2  3  4 |
---------------+-------------+-----
Invocations    | 1 |  1.1
Evocations     | 1 |  1.6
Conjurations   | 5 |  5.6
Alchemy        | 1 |  1.7
Spellcasting   | 4 |  4.1
Dodging        | |  2.4
Stealth        | |  2.4

Action                     |  1- 3 |  4- 6 || total
---------------------------+-------+-------++-------
  Melee: Short sword       |     4 |       ||     4
   Cast: Magic Dart        |    74 |    32 ||   106
         Searing Ray       |     1 |     6 ||     7
 Armour: Robe              |    11 |    13 ||    24
  Dodge: Dodged            |    13 |     7 ||    20

Table legend: (Time is in decaauts)
 A = Elapsed time spent in this place.
 B = Non-inter-level travel time spent in this place.
 C = Inter-level travel time spent in this place.
 D = Time resting spent in this place.
 E = Time spent auto-exploring this place.
 F = Levels seen in this place.
 G = Mean time per level.
                   A        B        C        D        E       F      G
               +--------+--------+--------+--------+--------+-----+--------+
         Total |   3249 |   3106 |    143 |    412 |   2344 |   4 |  812.2 |
       Dungeon |   3249 |   3106 |    143 |    412 |   2344 |   4 |  812.2 |
               +--------+--------+--------+--------+--------+-----+--------+

Top non-repeatable levels by time:
     D:3: 1335 daAuts
     D:1: 914 daAuts
     D:2: 813 daAuts
     D:4: 186 daAuts
